 Dungeon Sprint DCSS version 0.31-a0-844-gdc52ec4e09 (webtiles) character file.

Game seed: 9278643323777183626

304 sircluck the Grappler (level 6, -1/68 HPs)
             Began as a Troll Berserker on Sept 29, 2023.
             Was a Believer of Trog.
             Killed from afar by a gargoyle (23 damage)
             ... with a stone arrow
             ... in the Dungeon (Sprint VII: "The Pits").
             The game lasted 00:00:19 (124 turns).

sircluck the Grappler (Troll Berserker)              Turns: 124, Time: 00:00:19

Health: -1/68      AC:  4    Str: 28    XL:     6   Next: 15%
Magic:  5/5        EV: 11    Int:  3    God:    Trog [**....]
Gold:   0          SH:  0    Dex:  9    Spells: 5/5 levels left

rFire   . .          .
                       - Unarmed
rCold   . . .        (no shield)
rNeg    . . .        a - +0 animal skin
rPois   .            (helmet restricted)
rElec   .            (no cloak)
rCorr   .            (gloves unavailable)
SInv    .            (boots unavailable)
Will    .....        (no amulet)
Stlth   +            (no ring)
HPRegen 1.11/turn    (no ring)
MPRegen 0.09/turn

%: no teleportation
@: no status effects
A: large, unfitting armour, claws 3, regeneration 1, shaggy fur 1, tough skin 1
a: Renounce Religion, Berserk, Trog's Hand


You were in the Dungeon.
You worshipped Trog.
Trog was pleased with you.
You visited 1 branch

Inventory:

Armour
 a - a +0 animal skin (worn)
Scrolls
 g - a scroll of blinking
Potions
 b - a potion of curing
 c - a potion of heal wounds
 d - a potion of haste
 e - 2 potions of magic
 f - a potion of berserk rage


   Skills:
 + Level 6.8 Fighting
 + Level 6.7 Dodging
 + Level 8.1 Unarmed Combat


You had 5 spell levels left.
You didn't know any spells.
Your spell library was empty.

Dungeon Overview and Level Annotations

Branches:
Dungeon (1/1)

Altars:


Innate Abilities, Weirdness & Mutations

You are too large for most types of armour.
You have claws for hands.
Your natural rate of healing is unusually fast.
You are covered in fur. (AC +1)
You have tough skin. (AC +1)


Message History

Your Fighting skill gained 2 levels and is now at level 6!
Your Dodging skill gained 2 levels and is now at level 6!
Your Unarmed Combat skill gained 3 levels and is now at level 8!
You have reached level 4!
You have reached level 5!
You have reached level 6!
You feel stronger.
You start resting.
You feel a strong urge to attack something.
You start resting.
You are no longer berserk.
You are exhausted.
You feel yourself slow down.
You start resting.
You feel yourself speed up.
You start resting.
HP restored.
A gargoyle comes into view. It is wielding a +0 flail.
You recover from your berserk rage.
The gargoyle hits you with a +0 flail!
You scratch the gargoyle.
You claw the gargoyle, but do no damage.
The gargoyle is lightly damaged.
The gargoyle hurls a stone arrow at you.
The stone arrow misses you.
You scratch the gargoyle but do no damage.
The gargoyle is lightly damaged.
The gargoyle closely misses you.
You scratch the gargoyle.
The gargoyle is moderately damaged.
The gargoyle hurls a stone arrow at you.
The stone arrow hits you!!
You scratch the gargoyle but do no damage.
The gargoyle is moderately damaged.
The gargoyle hits you with a +0 flail!
You scratch the gargoyle but do no damage.
The gargoyle is moderately damaged.
The gargoyle hurls a stone arrow at you.
The stone arrow hits you!!
You die...

#................+
+................+
#......#..#......#
#................#
####'#####†'######
#.......##''#####
#.......##......#
#.......##....###
#...<...##@..##
#.......##9.##
#.......##..#
#.......##..#
##########..+ #..#
#..# #..# #...#


You could see a gargoyle.

Vanquished Creatures
  A freezing wraith (D)
  A small abomination (D)
  A rat (D)
3 creatures vanquished.

Notes
Turn   | Place    | Note
-------+----------+-------------------------------------------
     0 | D        | sircluck the Troll Berserker began the quest for the Orb.
     0 | D        | Reached XP level 1. HP: 22/22 MP: 0/0
    11 | D        | Noticed a small abomination
    20 | D        | Killed a small abomination
    21 | D        | Reached skill level 5 in Unarmed Combat
    21 | D        | Reached XP level 2. HP: 32/32 MP: 1/1
    21 | D        | Reached XP level 3. HP: 39/39 MP: 2/2
    72 | D        | Noticed a freezing wraith
    80 | D        | Killed a freezing wraith
    80 | D        | Reached ** piety under Trog
    81 | D        | Reached skill level 8 in Unarmed Combat
    81 | D        | Reached XP level 4. HP: 31/53 MP: 3/3
    81 | D        | Reached XP level 5. HP: 36/61 MP: 4/4
    81 | D        | Reached XP level 6. HP: 41/68 MP: 5/5
   109 | D        | Noticed a gargoyle
   124 | D        | Killed from afar by a gargoyle

Illustrated notes

Levels and vault maps discovered:
D:        pitsprint [storerooms_1, entrance_room_1, metal_vault_6, armoury_1,
          mini_pit_1, grid_room_1, main_hall_1, silver_pit, the_coven_1,
          the_vestibule_1, steel_vault_4, golden_pit, hallway_of_sentries,
          crystal_vault_2, iron_vault_4, final_vault]

Skill      XL: |  1  2  3 |
---------------+----------+-----
Fighting       | 4 6 |  6.8
Dodging        | 4 6 |  6.7
Unarmed Combat | 5 8 |  8.1

Action                     |  1- 3 |  4- 6 || total
---------------------------+-------+-------++-------
  Melee: Unarmed           |    12 |     5 ||    17
         Punch             |       |     1 ||     1
 Invoke: Berserk           |     2 |       ||     2
 Armour: Animal skin       |     5 |     4 ||     9
  Dodge: Dodged            |     3 |     2 ||     5

Table legend: (Time is in decaauts)
 A = Elapsed time spent in this place.
 B = Non-inter-level travel time spent in this place.
 C = Inter-level travel time spent in this place.
 D = Time resting spent in this place.
 E = Time spent auto-exploring this place.
 F = Levels seen in this place.
 G = Mean time per level.
                   A        B        C        D        E       F      G
               +--------+--------+--------+--------+--------+-----+--------+
         Total |    140 |    140 |      0 |     89 |     11 |   1 |  140.0 |
       Dungeon |    140 |    140 |      0 |     89 |     11 |   1 |  140.0 |
               +--------+--------+--------+--------+--------+-----+--------+

Top non-repeatable levels by time:
       D: 140 daAuts
